 Dungeon Crawl Stone Soup version 0.29.1-1-gd02db6906a (webtiles) character file.

Game seed: 14187061197421230087

28 lonewolfV2 the Trooper (level 3, -1/33 HPs)
             Began as a Hill Orc Fighter on Oct 18, 2022.
             Slain by a gnoll
             ... wielding a +0 halberd
              (9 damage)
             ... on level 2 of the Dungeon.
             The game lasted 00:01:19 (1335 turns).

lonewolfV2 the Trooper (Hill Orc Fighter)           Turns: 1335, Time: 00:01:20

Health: -1/33      AC:  6    Str: 20    XL:     3   Next: 12%
Magic:  3/3        EV:  9    Int:  8    God:
Gold:   84         SH:  4    Dex: 10    Spells: 2/2 levels left

rFire   . . .      SeeInvis .   a - +0 war axe
rCold   . . .      Faith    .   c - +0 buckler
rNeg    . . .      Spirit   .   b - +0 scale mail
rPois   .          Reflect  .   (no helmet)
rElec   .          Harm     .   (no cloak)
rCorr   .          Rampage  .   (no gloves)
Will    .....                   (no boots)
Stlth   ..........              (no amulet)
HPRegen 0.11/turn               (no ring)
MPRegen 0.08/turn               (no ring)

@: attractive
A: no striking features
a: no special abilities


You were on level 2 of the Dungeon.
You visited 1 branch of the dungeon, and saw 2 of its levels.

You collected 84 gold pieces.

Inventory:

Hand Weapons
 a - a +0 war axe (weapon)
Armour
 b - a +0 scale mail (worn)
 c - a +0 buckler (worn)
Potions
 d - 3 potions of might
 h - a potion of berserk rage {unknown}
 k - a potion of curing {unknown}


   Skills:
 * Level 4.1 Fighting
 + Level 3.2 Axes
 + Level 3.6 Armour
 + Level 3.6 Shields


You had 2 spell levels left.
You didn't know any spells.
Your spell library was empty.

Dungeon Overview and Level Annotations

Branches:
Dungeon (2/15)

Altars:


Message History

d - 3 potions of might (gained 1)
A bat comes into view.
A bat is nearby!
A bat is nearby! 4 gnolls come into view.
The gnoll shouts! x4
The bat barely misses you.
You closely miss the bat. The bat hits you but does no damage.
The bat misses you. The bat completely misses you. The bat barely misses you.
You barely miss the gnoll. You hit the bat.
The bat hits you but does no damage. The gnoll completely misses you.
The gnoll hits you with a +0 flail.
The gnoll hits you but does no damage. x2
Sorry, you're not good enough to have a special ability.
Sorry, you're not good enough to have a special ability.
You hit the gnoll.
The gnoll is lightly wounded.
You hit the gnoll.
The gnoll hits you but does no damage. x2
You block the gnoll's attack.
You hit the gnoll.
The gnoll is moderately wounded.
You barely miss the gnoll. The gnoll hits you but does no damage.
You block the gnoll's attack. x2
You slash the gnoll!
You kill the gnoll!
You hit the gnoll. The bat barely misses you.
The gnoll hits you with a +0 club.
The gnoll hits you from afar with a +0 halberd.
The gnoll barely misses you. The gnoll hits you with a +0 club.
* * * LOW HITPOINT WARNING * * *
You have reached level 3!
Your experience leads to an increase in your attributes!
Increase (S)trength, (I)ntelligence, or (D)exterity?
You feel stronger. x2
Sorry, you're not good enough to have a special ability.
It was a potion of attraction.
You feel attractive to monsters. The gnoll completely misses you.
The gnoll hits you from afar with a +0 halberd!
You die...

# #. #.#### #. #.#.
#.#### ##.#
##.#.###..... ##...#
#............ #.....#
#..#.....#### .......
#..##........ .......
#..##.##.####
......g#####..##.##.#
.....bg@......##....#
#....g###...........#
#....
#.###........... #.#.
#.# ####.#..##.. ...
#.# #.#..# . .# #.#
#.#.... #.# #.#.....
#.# #.# ##### #.# #..


You could see 3 gnolls and a bat.

Vanquished Creatures
  A gnoll (D:2)
  A dart slug (D:1)
  A bat (D:2)
  A giant cockroach (D:1)
  A goblin (D:1)
  2 kobolds (D:1)
  3 quokkas (D:1)
  4 frilled lizards (D:1)
  2 rats (D:1)
16 creatures vanquished.

Vanquished Creatures (others)
  2 plants (D:1)
2 creatures vanquished.

Grand Total: 18 creatures vanquished

Notes
Turn   | Place    | Note
-------+----------+-------------------------------------------
     0 | D:1      | lonewolfV2 the Hill Orc Fighter began the quest for the
                  | Orb.
     0 | D:1      | Reached XP level 1. HP: 19/19 MP: 1/1
   485 | D:1      | Reached XP level 2. HP: 18/27 MP: 2/2
   920 | D:1      | Found a faded altar of an unknown god.
  1257 | D:2      | Reached skill level 4 in Fighting
  1335 | D:2      | Reached XP level 3. HP: 8/33 MP: 3/3
  1335 | D:2      | Slain by a gnoll

Illustrated notes

Levels and vault maps discovered:
D:1:      lemuel_arrival_lava_pool, layout_basic, basic_ecumenical_altar,
          serial_bayou, serial_bayou_shore_b, serial_bayou_pond_c,
          serial_bayou_lagoon_a, serial_bayou_shore_b
D:2:      layout_loops_ring, uniq_jessica

Skill      XL: |  1  2 |
---------------+-------+-----
Axes           | 3 |  3.2
Fighting       | 4 |  4.1
Armour         | |  3.6
Shields        | |  3.6

Action                   || total
-------------------------++-------
Melee: War axe           ||    38
  Use: Scroll            ||     4
       Potion            ||     1
Armor: Scale mail        ||    21
Dodge: Dodged            ||    19
Block: Buckler           ||     6
